 Dungeon Crawl Stone Soup version 0.29-a0-275-g389c0b56f3 (webtiles) character file.

Game seed: 9508568776997936088

389 siradein the Bolt Thrower (level 7, 0/43 HPs)
             Began as a Kobold Hunter on Mar 10, 2022.
             Was an Initiate of Dithmenos.
             Slain by a lemure (3 damage)
             ... led by Pikel
             ... on level 4 of the Dungeon.
             The game lasted 00:15:21 (5578 turns).

siradein the Bolt Thrower (Kobold Hunter)           Turns: 5578, Time: 00:15:22

Health: 0/43       AC:  9    Str: 11    XL:     7   Next: 7%
Magic:  7/7        EV: 14    Int: 12    God:    Dithmenos [......]
Gold:   206        SH:  0    Dex: 16    Spells: 6/6 levels left

rFire   . . .      SeeInvis .   a - +1 hand crossbow
rCold   + + .      Faith    .   (no shield)
rNeg    . . .      Spirit   .   r - +1 ring mail {rC+}
rPois   .          Reflect  .   g - +1 hat
rElec   .          Harm     .   b - +0 cloak
rCorr   .          Rampage  .   (no gloves)
Will    +....                   n - +0 pair of boots
Stlth   +++.......              (no amulet)
HPRegen 0.14/turn               t - ring of willpower
MPRegen 0.10/turn               y - ring of protection from cold

@: no status effects
A: small, no large weapons, nightstalker 3
a: Renounce Religion


You were on level 4 of the Dungeon.
You worshipped Dithmenos.
Dithmenos was noncommittal.
You visited 1 branch of the dungeon, and saw 5 of its levels.

You collected 206 gold pieces.

Inventory:

Hand Weapons
 a - a +1 hand crossbow (weapon)
Armour
 b - a +0 cloak (worn)
 g - a +1 hat (worn)
 n - a +0 pair of boots (worn)
 r - a +1 ring mail of cold resistance (worn)
Jewellery
 o - an amulet of faith
 t - a ring of willpower (left hand)
 y - a ring of protection from cold (right hand)
Wands
 d - a wand of acid (2)
 p - a wand of paralysis (11)
Scrolls
 c - a scroll of immolation
 e - a scroll of vulnerability {unknown}
 f - a scroll of teleportation {unknown}
 i - 3 scrolls of fear
 k - a scroll of amnesia {unknown}
 m - 3 scrolls of identify
 s - a scroll of magic mapping {unknown}
 v - a scroll of enchant weapon {unknown}
 w - a scroll of fog {unknown}
Potions
 h - 2 potions of haste {unknown}
 j - 4 potions of curing {unknown}
 l - a potion of brilliance {unknown}
 q - a potion of flight {unknown}
 u - a potion of cancellation {unknown}
 x - a potion of lignification {unknown}


   Skills:
 + Level 4.0 Fighting
 + Level 6.7 Crossbows
 + Level 1.4 Armour
 + Level 4.4 Dodging
 + Level 4.7 Stealth


You had 6 spell levels left.
You didn't know any spells.
Your spell library contained the following spells:

 Spells                   Type           Power      Damage    Failure   Level
 Slow                     Hex            0%         N/A       61%         1
 Corpse Rot               Necr/Air       0%         N/A       75%         2
 Poisonous Vapours        Pois/Air       0%         N/A       75%         2
 Searing Ray              Conj           0%         2d4       75%         2
 Static Discharge         Conj/Air       0%         N/A       75%         2
 Confusing Touch          Hex            0%         N/A       93%         3
 Conjure Flame            Conj/Fire      0%         6-21      93%         3
 Summon Guardian Golem    Hex/Summ       0%         N/A       93%         3
 Vampiric Draining        Necr           0%         2d6       93%         3
 Iskenderun's Mystic Bla  Conj/Tloc      0%         2d3       100%        4
 Lightning Bolt           Conj/Air       0%         1d11      100%        5
 Orb of Destruction       Conj           0%         9d5       100%        7
 Spellforged Servitor     Conj/Summ      0%         N/A       100%        7
 Maxwell's Capacitive Co  Air            0%         ∞         100%        8


Dungeon Overview and Level Annotations

Branches:
Dungeon (5/15)
 Temple: D:4-7

Altars:
Dithmenos
Fedhas
Gozag
Hepliaklqana
Nemelex Xobeh
Qazlal

Annotations:
D:4 Edmund, Pikel


Innate Abilities, Weirdness & Mutations

You are small and have problems with some larger weapons.
You are completely attuned to the shadows.


Message History

The lemure hits you.
Shoot: a) +1 hand crossbow
Press: ? - help, Q - select action, (/) - cycle Shift-Dir - straight line, f/p - lemure
Aim: a lemure (severely wounded, 61% to hit)
You shoot a bolt. The bolt closely misses the lemure.
The lemure hits you.
* * * LOW HITPOINT WARNING * * *
Shoot: a) +1 hand crossbow
Press: ? - help, Q - select action, (/) - cycle Shift-Dir - straight line, f/p - lemure
Aim: a lemure (severely wounded, 61% to hit)
You shoot a bolt. The bolt closely misses the lemure.
The lemure barely misses you.
Unknown command.
Shoot: a) +1 hand crossbow
Press: ? - help, Q - select action, (/) - cycle Shift-Dir - straight line, f/p - lemure
Aim: a lemure (severely wounded, 61% to hit)
You shoot a bolt.
The bolt hits the lemure but does no damage.
The lemure is severely wounded.
The lemure misses you. x2
Shoot: a) +1 hand crossbow
Press: ? - help, Q - select action, (/) - cycle Shift-Dir - straight line, f/p - lemure
Aim: a lemure (severely wounded, 61% to hit)
You shoot a bolt. The bolt barely misses the lemure.
The lemure hits you.
* * * LOW HITPOINT WARNING * * *
Shoot: a) +1 hand crossbow
Press: ? - help, Q - select action, (/) - cycle Shift-Dir - straight line, f/p - lemure
Aim: a lemure (severely wounded, 61% to hit)
You shoot a bolt. The bolt barely misses the lemure.
The lemure misses you.
Unknown command.
Shoot: a) +1 hand crossbow
Press: ? - help, Q - select action, (/) - cycle Shift-Dir - straight line, f/p - lemure
Aim: a lemure (severely wounded, 61% to hit)
You shoot a bolt.
The bolt hits the lemure but does no damage.
The lemure is severely wounded.
The lemure hits you.
You die...

..#
#....#########
..#
#.......)....#
..#
#...#######.##
..# #...# #.#
..# #...# #.#
..# #...# #.#
.## #...# #.#
## #...# #.#
######...# #@#
.........# #5#
######.#.# #.#
.......#.# #.#
#####..#.# #.#
#..#.# #.#
#..#.# #.#
#####..#.# #.#
....#..#.#
.>....#


You could see a lemure.

Vanquished Creatures
  An ice beast (D:4)
  A hound (D:3)
  3 orc priests
  An orc wizard (D:3)
  4 adders
  2 worms (D:2)
  4 dart slugs
  8 orcs
  7 ball pythons
  6 bats
  7 endoplasms
  6 giant cockroaches
  4 goblins
  12 hobgoblins
  3 jackals (D:1)
  10 kobolds
  4 quokkas
  6 frilled lizards
  8 rats
97 creatures vanquished.

Notes
Turn   | Place    | Note
-------+----------+-------------------------------------------
     0 | D:1      | siradein the Kobold Hunter began the quest for the Orb.
     0 | D:1      | Reached XP level 1. HP: 12/12 MP: 1/1
    62 | D:1      | Reached XP level 2. HP: 18/18 MP: 2/2
   331 | D:1      | Reached XP level 3. HP: 22/22 MP: 3/3
   937 | D:2      | Reached XP level 4. HP: 17/27 MP: 4/4
  1851 | D:2      | Found a faded altar of an unknown god.
  2106 | D:3      | Reached skill level 6 in Crossbows
  2142 | D:3      | Reached XP level 5. HP: 25/32 MP: 5/5
  2597 | D:3      | Found a sparkling altar of Nemelex Xobeh.
  2757 | D:3      | Found a shadowy altar of Dithmenos.
  2771 | D:3      | Found an opulent altar of Gozag.
  2774 | D:3      | Found a blossoming altar of Fedhas.
  2777 | D:3      | Found a stormy altar of Qazlal.
  2783 | D:3      | Became a worshipper of Dithmenos the Shadowed
  3175 | D:3      | Reached XP level 6. HP: 27/37 MP: 6/6
  3599 | D:4      | Reached skill level 1 in Armour
  4025 | D:4      | Got the Compendium of Feathery Confrontation
  4081 | D:4      | Noticed Pikel
  4270 | D:4      | Noticed Edmund
  4578 | D:3      | Found a hazy altar of Hepliaklqana.
  4618 | D:4      | Noticed a steam dragon
  4626 | D:5      | Entered Level 5 of the Dungeon
  4660 | D:5      | Noticed an ice beast
  4692 | D:4      | Killed an ice beast
  4693 | D:4      | Reached XP level 7. HP: 4/43 MP: 7/7
  5578 | D:4      | Slain by a lemure

Illustrated notes

Levels and vault maps discovered:
D:1:      dpeg_arrival_orchard, layout_basic, minmay_cupped
D:2:      minmay_wonky_spiral, layout_basic, dilly_ecumenical_altar_fadedgnrine
D:3:      layout_basic, lemuel_tele_altar, grunt_temple_overflow_cloverleaf,
          nemelex_spade_bored_becter, hangedman_decor_clover_reticule,
          minmay_crystal_water, serial_park_tiny_pond
D:4:      layout_basic, uniq_pikel, uniq_edmund
D:5:      layout_gridville, yredelemnul_forgotten_temple_becter,
          minmay_temple_entry_stoned_glass, portal_sewer_entry_a,
          minmay_liquid_box, chequers_hall_statues_wall_a, serial_bayou_pond_d,
          chequers_serial_rivers_large_a

Skill      XL: |  1  2  3  4  5  6 |
---------------+-------------------+-----
Stealth        | 2 3 4 |  4.7
Dodging        | 3 4 |  4.4
Fighting       | 3 4 |  4.0
Crossbows      | 6 |  6.7
Armour         | 1 |  1.4

Action                   |  1- 3 |  4- 6 |  7- 9 || total
-------------------------+-------+-------+-------++-------
 Fire: Hand crossbow     |    71 |   181 |    27 ||   279
  Use: Scroll            |       |     2 |       ||     2
Armor: Leather armour    |     5 |     5 |       ||    10
       Ring mail         |       |    26 |     6 ||    32
Dodge: Dodged            |    22 |    64 |    12 ||    98

Table legend: (Time is in decaauts)
 A = Elapsed time spent in this place.
 B = Non-inter-level travel time spent in this place.
 C = Inter-level travel time spent in this place.
 D = Time resting spent in this place.
 E = Time spent auto-exploring this place.
 F = Levels seen in this place.
 G = Mean time per level.
                   A        B        C        D        E       F      G
               +--------+--------+--------+--------+--------+-----+--------+
         Total |   5670 |   5532 |    138 |    929 |   3256 |   5 | 1134.0 |
       Dungeon |   5670 |   5532 |    138 |    929 |   3256 |   5 | 1134.0 |
               +--------+--------+--------+--------+--------+-----+--------+

Top non-repeatable levels by time:
     D:3: 1925 daAuts
     D:2: 1429 daAuts
     D:4: 1182 daAuts
     D:1: 912 daAuts
     D:5: 220 daAuts
